 Dungeon Crawl Stone Soup version 0.31-a0-152-g6aa68a64a1 (webtiles) character file.

Game seed: 14516084738071787674

246 qw the Shooter (level 6, -1/56 HPs)
             Began as a Naga Hunter on June 10, 2023.
             Was an Initiate of Okawaru.
             Killed by divine providence
             ... invoked by an orc priest
              (14 damage)
             ... on level 5 of the Dungeon.
             The game lasted 00:00:46 (2908 turns).

qw the Shooter (Naga Hunter)                        Turns: 2908, Time: 00:00:47

Health: -1/56      AC:  3    Str: 14    XL:     6   Next: 11%
Magic:  6/6        EV:  9    Int:  9    God:    Okawaru [......]
Gold:   166        SH:  0    Dex: 16    Spells: 5/5 levels left

rFire   . . .        Y - +0 shortbow
rCold   . . .        (shield currently unavailable)
rNeg    . . .        c - +0 leather armour
rPois   +            (no helmet)
rElec   .            (no cloak)
rCorr   +            (no gloves)
SInv    +            (no barding)
Will    .....        (no amulet)
Stlth   ++           b - ring of resist corrosion
HPRegen 0.29/turn    (no ring)
MPRegen 0.10/turn

%: no passive effects
@: very slow
A: AC +2, large, see invisible, deformed body, poison resistance, slowness 2,
spit poison 1, naga tail 1
a: Spit Poison, Renounce Religion


You were on level 5 of the Dungeon.
You worshipped Okawaru.
Okawaru was noncommittal.
You visited 2 branches of the dungeon, and saw 6 of its levels.

You collected 166 gold pieces.


Innate Abilities, Weirdness & Mutations

Your serpentine skin is tough. (AC +2)
You have supernaturally acute eyesight. (SInv)
Armour fits poorly on your strangely shaped body.
Your system is resistant to poisons. (rPois)
You cover ground very slowly.
You can spit poison.
You have a snake-like lower body.


   Skills:
 + Level 3.3 Fighting
 - Level 6.0 Ranged Weapons
 - Level 1.5 Dodging
 - Level 1.5 Stealth


You had 5 spell levels left.
You didn't know any spells.
Your spell library was empty.

Inventory:

Hand Weapons
 Y - a +0 shortbow (weapon)
Armour
 c - a +0 leather armour (worn)
Jewellery
 b - a ring of resist corrosion (left hand)
Scrolls
 h - a scroll of identify
Potions
 d - a potion of cancellation
 f - 2 potions of curing
 g - a potion of ambrosia {unknown}
 j - a potion of brilliance {unknown}

Dungeon Overview and Level Annotations

Branches:
Dungeon (6/15)             Temple (1/1) D:5

Altars:
Ashenzari
Cheibriados
Dithmenos
Elyvilon
Gozag
Makhleb
Okawaru
Qazlal
Sif Muna
Trog
Uskayaw
Vehumet
Wu Jian
Xom
Yredelemnul
Zin

Shops:
D:1 !


Message History

The jackal bites you.
2903 ||| INVOKING Spit Poison.
Aiming: Spit Poison (1% risk of failure)
Press: ? - help, Shift-Dir - straight line, f/p - orc priest The splash of poison misses the orc priest.
The splash of poison hits the jackal!
You kill the jackal!
Okawaru accepts your kill.
The orc priest looks satisfied for a moment.
The jackal barely misses you.
You shoot an arrow. The arrow hits the orc priest.
The orc priest is moderately wounded.
The jackal bites you but does no damage.
The orc priest hits you with a +0 hand axe.
The jackal bites you.
The orc priest hits you with a +0 hand axe.
You shoot an arrow.
The arrow completely misses the orc priest.
The arrow hits the phantom.
The phantom is lightly damaged.
The jackal bites you.
The orc priest hits you with a +0 hand axe.
You shoot an arrow.
The arrow hits the orc priest but does no damage.
The orc priest is lightly wounded.
The jackal closely misses you. x2
The orc priest looks braver for a moment.
You shoot an arrow. The arrow barely misses the orc priest.
The arrow hits the phantom.
The phantom is lightly damaged.
The jackal bites you.
The orc priest hits you with a +0 hand axe.
The jackal barely misses you.
You shoot an arrow.
The arrow hits the orc priest but does no damage.
The orc priest is lightly wounded.
You have got your breath back.
The orc priest calls down the wrath of Beogh upon you.
Beogh smites you!
You die...

*,,,,,,,,,,,,,,+,,.........
*,,,,,,,,...,,,***########.
*,,,,,,,,...,,,* #.
*,,,,,,,,..#,*** #.
*,,,,,,#*#.#.# **########
*,,..,,+.#o#.# *,........
*,,....#.#h#.# *,........
*,,......Wo#.# #.........
*,,,,....#@#.# #.........
*,,,.....#.#.# #.........
*,,,.....#.#.# #.........
*,,,,....#.#'#####.........
**#+#+#..#.................
#.#.#....................
#(#.#....................
#.#.............########.
#.#.#.###.......########.


You could see a phantom, an orc priest, an orc and a jackal.

Vanquished Creatures
  A hound (D:5)
  An iguana (D:5)
  A sleepcap (D:5)
  2 orc wizards (D:5)
  6 adders
  A worm (D:3)
  3 dart slugs
  2 orcs (D:5)
  4 ball pythons
  7 endoplasms
  A giant cockroach (D:1)
  4 goblins (D:1)
  4 hobgoblins
  2 jackals (D:5)
  5 kobolds
  2 quokkas
  2 bats
  2 frilled lizards
  4 rats
54 creatures vanquished.

Notes
Turn   | Place    | Note
-------+----------+-------------------------------------------
     0 | D:1      | qw the Naga Hunter began the quest for the Orb.
     0 | D:1      | Reached XP level 1. HP: 19/19 MP: 1/1
     0 | D:1      | 0 ||| qw: Version: 0.2-a-29-g767f381
     0 | D:1      | 0 ||| qw: Game counter: 3905
     0 | D:1      | 0 ||| qw: Always use a shield: true
     0 | D:1      | 0 ||| qw: God list: Okawaru
     0 | D:1      | 0 ||| qw: Allow faded altars: false
     0 | D:1      | 0 ||| qw: Do Orc after D:15 true
     0 | D:1      | 0 ||| qw: Do second Lair branch before Depths: true
     0 | D:1      | 0 ||| qw: Lair rune preference: random
     0 | D:1      | 0 ||| qw: Plans: Normal
     0 | D:1      | 0 ||| PLANNING D:1-11
    78 | D:1      | 78 ||| INVOKING Spit Poison.
   234 | D:1      | 234 ||| INVOKING Spit Poison.
   235 | D:1      | Reached skill level 4 in Ranged Weapons
   235 | D:1      | Reached XP level 2. HP: 26/26 MP: 2/2
   329 | D:1      | 329 ||| INVOKING Spit Poison.
   334 | D:1      | Found Bita's Distillery.
   342 | D:1      | 342 ||| SHOPLISTING 2 potions of curing (78 gold, have 11).
   342 | D:1      | 342 ||| SHOPLISTING potion of curing (39 gold, have 11).
   342 | D:1      | 342 ||| SHOPLISTING potion of might (52 gold, have 11).
   348 | D:1      | 348 ||| INVOKING Spit Poison.
   356 | D:1      | 356 ||| INVOKING Spit Poison.
   462 | D:1      | 462 ||| INVOKING Spit Poison.
   487 | D:1      | 487 ||| INVOKING Spit Poison.
   494 | D:1      | 494 ||| INVOKING Spit Poison.
   534 | D:1      | 534 ||| INVOKING Spit Poison.
   571 | D:1      | 571 ||| INVOKING Spit Poison.
   844 | D:1      | 844 ||| INVOKING Spit Poison.
   848 | D:1      | Reached XP level 3. HP: 32/32 MP: 3/3
   867 | D:1      | 867 ||| INVOKING Spit Poison.
   989 | D:1      | 989 ||| DROPPING scroll of butterflies.
  1115 | D:2      | 1115 ||| INVOKING Spit Poison.
  1118 | D:2      | 1118 ||| INVOKING Spit Poison.
  1156 | D:2      | Found a faded altar of an unknown god.
  1226 | D:2      | 1226 ||| INVOKING Spit Poison.
  1260 | D:2      | 1260 ||| INVOKING Spit Poison.
  1276 | D:2      | 1276 ||| INVOKING Spit Poison.
  1279 | D:2      | 1279 ||| INVOKING Spit Poison.
  1352 | D:2      | 1352 ||| INVOKING Spit Poison.
  1451 | D:2      | Reached skill level 5 in Ranged Weapons
  1583 | D:2      | 1583 ||| READING scroll labelled RAIKHLE GEENIWU.
  1584 | D:2      | 1584 ||| READING scroll labelled PERAVO LOUREACW.
  1585 | D:2      | 1585 ||| READING 2 scrolls labelled REUTUL IPNEALEL.
  1644 | D:3      | Reached XP level 4. HP: 39/39 MP: 4/4
  1653 | D:3      | 1653 ||| INVOKING Spit Poison.
  1671 | D:3      | 1671 ||| INVOKING Spit Poison.
  1795 | D:3      | Found a snail-covered altar of Cheibriados.
  1879 | D:3      | 1879 ||| INVOKING Spit Poison.
  1904 | D:3      | 1904 ||| INVOKING Spit Poison.
  1957 | D:3      | 1957 ||| INVOKING Spit Poison.
  2181 | D:3      | You fall into a shaft and drop 3 floors!
  2185 | D:6      | 2185 ||| INVOKING Spit Poison.
  2241 | D:6      | 2241 ||| READING 2 scrolls labelled DIACAI PAINKE.
  2242 | D:6      | 2242 ||| READING scroll labelled ILIXAL WAPUT.
  2243 | D:6      | 2243 ||| DRINKING 2 purple potions.
  2244 | D:6      | 2244 ||| DRINKING 2 golden potions.
  2245 | D:6      | 2245 ||| READING 2 scrolls of identify.
  2245 | D:6      | 2245 ||| IDENTIFYING bubbling dark potion
  2246 | D:6      | 2246 ||| DROPPING potion of invisibility.
  2247 | D:6      | 2247 ||| DROPPING scroll of vulnerability.
  2254 | D:6      | Noticed a steam dragon
  2255 | D:6      | 2255 ||| STAIRDANCE
  2256 | D:5      | Entered Level 5 of the Dungeon
  2271 | D:5      | 2271 ||| INVOKING Spit Poison.
  2286 | D:5      | Reached skill level 3 in Fighting
  2343 | D:5      | Found a staircase to the Ecumenical Temple.
  2344 | D:5      | 2344 ||| PLANNING TEMPLE
  2350 | Temple   | Entered the Ecumenical Temple
  2437 | Temple   | 2437 ||| PLANNING OKAWARU WORSHIP
  2529 | Temple   | Became a worshipper of Warmaster Okawaru
  2529 | Temple   | 2529 ||| PLANNING D:1-11
  2582 | D:5      | 2582 ||| INVOKING Spit Poison.
  2583 | D:5      | Reached XP level 5. HP: 49/49 MP: 5/5
  2585 | D:5      | 2585 ||| INVOKING Spit Poison.
  2592 | D:5      | 2592 ||| INVOKING Spit Poison.
  2697 | D:5      | 2697 ||| INVOKING Spit Poison.
  2773 | D:5      | 2773 ||| INVOKING Spit Poison.
  2882 | D:5      | 2882 ||| UPGRADING to ring of resist corrosion.
  2883 | D:5      | 2883 ||| READING scroll labelled NAQAH OMYTI.
  2884 | D:5      | 2884 ||| DRINKING 2 orange potions.
  2889 | D:5      | 2889 ||| INVOKING Spit Poison.
  2892 | D:5      | 2892 ||| INVOKING Spit Poison.
  2894 | D:5      | HP: 11/49 [hound (4)]
  2895 | D:5      | 2895 ||| DRINKING potion of heal wounds.
  2895 | D:5      | Noticed a phantom
  2896 | D:5      | 2896 ||| INVOKING Spit Poison.
  2900 | D:5      | Reached skill level 6 in Ranged Weapons
  2900 | D:5      | Reached XP level 6. HP: 31/56 MP: 6/6
  2903 | D:5      | 2903 ||| INVOKING Spit Poison.
  2907 | D:5      | HP: 13/56 [orc priest/+0 hand axe (5)]
  2908 | D:5      | Killed from afar by an orc priest

Levels and vault maps discovered:
D:1:      dpeg_arrival_signposts, layout_loops_corners, serial_shops, shop
D:2:      layout_basic, ebering_ecumenical_altar_mist
D:3:      layout_basic, amcnicky_altar_gilded, serial_aquarium,
          aquarium_bridge_long_separate [aquarium_subvault_bridge,
          aquarium_subvault_bridge, aquarium_subvault_bridge,
          aquarium_subvault_bridge, aquarium_subvault_bridge,
          aquarium_subvault_bridge], aquarium_window_3, aquarium_window_1,
          aquarium_view_2f, aquarium_view_2g
D:5:      layout_basic, minmay_temple_entry_butterflies,
          ebering_ghost_inner_flame
D:6:      layout_basic, mainiacjoe_overflow_cross_hatched, minmay_door_square,
          reono_crystal_passage, corexii_shack, grunt_decor_junction,
          uniq_blork_the_orc
Temple:   nicolae_temple_bog_church

Skill      XL: |  1  2  3  4  5 |
---------------+----------------+-----
Ranged Weapons | 4 5 6 |  6.0
Fighting       | 3 |  3.3
Dodging        | |  1.5
Stealth        | |  1.5

Action                     |  1- 3 |  4- 6 || total
---------------------------+-------+-------++-------
   Fire: Shortbow          |    41 |    62 ||   103
Ability: Spit Poison       |    19 |    16 ||    35
    Use: Scroll            |     3 |     4 ||     7
         Potion            |       |     4 ||     4
 Armour: Leather armour    |     2 |    11 ||    13
  Dodge: Dodged            |     5 |    21 ||    26

Table legend:
 A = Non-vault XP
 B = Vault XP
 C = Vault XP percentage of total XP
 D = Non-vault monster count
 E = Vault monster count
 F = Vault count percentage of total count
                 A         B        C        D         E       F
            +---------+---------+-------+---------+---------+-------
      Total |     352 |       0 |   0.0 |      54 |       0 |   0.0
            +---------+---------+-------+---------+---------+-------
        D:1 |      37 |       0 |   0.0 |      19 |       0 |   0.0
        D:2 |      44 |       0 |   0.0 |      13 |       0 |   0.0
        D:3 |      31 |       0 |   0.0 |       9 |       0 |   0.0
        D:5 |     227 |       0 |   0.0 |      12 |       0 |   0.0
        D:6 |      13 |       0 |   0.0 |       1 |       0 |   0.0
            +---------+---------+-------+---------+---------+-------
